 Dungeon Crawl Stone Soup version 0.20.0-3-g22ec75f (webtiles) character file.

312 Rrauwl the Cleaver (level 6, 0/52 HPs)
             Began as a Minotaur Berserker on May 27, 2017.
             Was a Priest of Trog.
             Slain by a scorpion (10 damage)
             ... on level 4 of the Dungeon.
             The game lasted 00:04:59 (2546 turns).

Rrauwl the Cleaver (Minotaur Berserker)             Turns: 2546, Time: 00:05:00

Health: 0/52       AC:  2    Str: 22    XL:     6   Next: 18%
Magic:  5/5        EV: 12    Int:  5    God:    Trog [***...]
Gold:   222        SH:  0    Dex: 10    Spells: 5/5 levels left

rFire    . . .     SeeInvis +   a - +0 hand axe
rCold    . . .     Gourm    .   (no shield)
rNeg     . . .     Faith    .   b - +0 animal skin
rPois    .         Spirit   .   (helmet restricted)
rElec    .         Reflect  .   (no cloak)
rCorr    .         Harm     .   (no gloves)
MR       .....                  (no boots)
Stlth    +.........             (no amulet)
Regen    0.2/turn               s - ring of see invisible
MPRegen  0.1/turn               (no ring)

@: lethally poisoned (0 -> -6)
A: retaliatory headbutt, horns 2
a: Berserk, Trog's Hand, Burn Spellbooks, Renounce Religion


You were on level 4 of the Dungeon.
You worshipped Trog.
Trog was most pleased with you.
You were not hungry.

You visited 1 branch of the dungeon, and saw 4 of its levels.

You collected 222 gold pieces.

Inventory:

Hand Weapons
 a - a +0 hand axe (weapon)
Armour
 b - a +0 animal skin (worn)
Jewellery
 s - a ring of see invisible (left hand)
Wands
 p - a wand of iceblast (8/15)
Scrolls
 d - a scroll of amnesia {unknown}
 e - 3 scrolls of teleportation {unknown}
 g - a scroll of recharging {unknown}
 k - 3 scrolls of identify {unknown}
 l - a scroll of remove curse {unknown}
 o - a scroll of fear {unknown}
 q - a scroll of noise {unknown}
 r - a scroll of magic mapping {unknown}
 u - 2 scrolls of blinking {unknown}
Potions
 f - a potion of might
 i - a potion of cancellation {unknown}
 m - a potion of curing {unknown}
 n - a potion of flight {unknown}
Comestibles
 c - 3 bread rations
 h - 2 royal jellies
 j - 4 fruits
 t - a meat ration
 v - 15 chunks of flesh


   Skills:
 - Level 4.0 Fighting
 + Level 8.0 Axes
 - Level 3.0 Armour
 - Level 2.1 Dodging


You had 5 spell levels left.
You didn't know any spells.

Dungeon Overview and Level Annotations

Branches:
Dungeon (4/15)
 Temple: D:4-7

Altars:
Fedhas
Gozag
Ru
Sif Muna
Vehumet
Zin
The Shining One


Innate Abilities, Weirdness & Mutations

You reflexively headbutt those who attack you in melee.
You have a pair of horns on your head.


Message History

You hit the scorpion.
The scorpion is heavily wounded.
You feel sick. The scorpion barely misses you.
You barely miss the scorpion. Your headbutt misses the scorpion.
The scorpion is heavily wounded.
You feel sick. The scorpion misses you.
You hit the scorpion.
The scorpion is heavily wounded.
You feel sick. The scorpion closely misses you. You furiously retaliate!
You headbutt the scorpion. You barely miss the scorpion.
Your headbutt misses the scorpion.
The scorpion is severely wounded.
You feel sick. The scorpion stings you.
* * * LOW HITPOINT WARNING * * *
You closely miss the scorpion.
The scorpion is severely wounded.
You barely miss the scorpion. Your headbutt misses the scorpion.
The scorpion is severely wounded.
You feel sick. The scorpion stings you!
You die...

.#..####.# .........# #
.".......# ### ..
.........###... .
.....>....(..
##.........# ...
#......s...# # ....
#.#....@...#
###.....##.#####...##..
.##........###........#
......#....#...###.####
.............### ...
...............## ####
................##
###...†...>......#
.................#


You could see a scorpion.

Vanquished Creatures
  An ogre (D:4)
  Jessica (D:2)
  4 gnolls (D:4)
  5 adders
  3 oozes
  A worm (D:4)
  3 dart slugs
  4 leopard geckos
  3 orcs
  15 bats
  3 giant cockroaches
  10 goblins
  10 hobgoblins
  7 jackals
  A quokka (D:2)
  A ball python (D:4)
  2 frilled lizards
  10 kobolds
  A leopard gecko skeleton (D:4)
  2 rats (D:1)
87 creatures vanquished.

Notes
Turn   | Place    | Note
-------+----------+-------------------------------------------
     0 | D:1      | Rrauwl the Minotaur Berserker began the quest for the Orb.
     0 | D:1      | Reached XP level 1. HP: 19/19 MP: 0/0
    84 | D:1      | Reached XP level 2. HP: 27/27 MP: 1/1
   143 | D:1      | Reached skill level 4 in Axes
   824 | D:1      | Reached XP level 3. HP: 33/33 MP: 2/2
   863 | D:1      | Reached ** piety under Trog
  1173 | D:2      | Reached skill level 5 in Axes
  1307 | D:2      | Reached XP level 4. HP: 35/40 MP: 3/3
  1325 | D:2      | Noticed Jessica
  1328 | D:2      | Killed Jessica
  1377 | D:2      | Found a sacrificial altar of Ru.
  1378 | D:2      | Found a blossoming altar of Fedhas.
  1448 | D:2      | Reached skill level 6 in Axes
  1891 | D:3      | Reached *** piety under Trog
  1891 | D:3      | Reached XP level 5. HP: 42/46 MP: 4/4
  2101 | D:3      | Found an opulent altar of Gozag.
  2157 | D:3      | Found a glowing silver altar of Zin.
  2160 | D:3      | Found a radiant altar of Vehumet.
  2160 | D:3      | Found a glowing golden altar of the Shining One.
  2164 | D:3      | Found a deep blue altar of Sif Muna.
  2405 | D:4      | Noticed a sky beast
  2426 | D:4      | Noticed an ogre
  2430 | D:4      | Killed an ogre
  2430 | D:4      | Reached skill level 7 in Axes
  2430 | D:4      | Reached XP level 6. HP: 46/52 MP: 5/5
  2484 | D:4      | Reached skill level 8 in Axes
  2546 | D:4      | Slain by a scorpion

Skill      XL: |  1  2  3  4  5  6 |
---------------+-------------------+-----
Axes           | 4 5 6 7 8 |  8.0
Fighting       | 4 |  4.0
Armour         | 3 |  3.0
Dodging        | |  2.1

Action                   |  1- 3 |  4- 6 || total
-------------------------+-------+-------++-------
Melee: Hand axe          |    78 |    81 ||   159
       Headbutt          |    13 |    14 ||    27
Invok: Berserk           |       |     2 ||     2
  Use: Potion            |       |     1 ||     1
 Stab: Sleeping          |     1 |       ||     1
  Eat: Chunk             |     1 |     6 ||     7
Armor: Animal skin       |    21 |    10 ||    31
Dodge: Dodged            |    60 |    50 ||   110
